 Dungeon Crawl Stone Soup version 0.27-a0-909-g0721f309d1 (webtiles) character file.

Game seed: 10276363936542042831

4836 voltaire321 the Fiendish (level 10, -6/79 HPs)
             Began as a Demonspawn Fighter on Apr 8, 2021.
             Was a Priest of Makhleb.
             Killed from afar by a steam dragon (14 damage)
             ... with a ball of steam
             ... on level 8 of the Dungeon.
             The game lasted 00:22:40 (11017 turns).

voltaire321 the Fiendish (Demonspawn Fighter)      Turns: 11017, Time: 00:22:40

Health: -6/79      AC: 13    Str: 19    XL:     10   Next: 25%
Magic:  15/15      EV: 12    Int: 10    God:    Makhleb [***...]
Gold:   343        SH: 15    Dex: 13    Spells: 9/9 levels left

rFire    . . .     SeeInvis .   a - +0 war axe
rCold    . . .     Faith    .   c - +0 kite shield
rNeg     + . .     Spirit   .   b - +0 scale mail
rPois    .         Reflect  +   (helmet restricted)
rElec    .         Harm     .   q - +0 cloak
rCorr    .         Rampage  .   h - +0 pair of gloves
Will     .....                  y - +0 pair of boots
Stlth    ..........             G - amulet of reflection
HPRegen  0.23/turn              l - +4 ring of evasion
MPRegen  0.14/turn              n - ring of positive energy

@: no status effects
A: antennae 1, yellow scales 1, demonic guardian 1, ignite blood 1
a: Renounce Religion, Minor Destruction, Lesser Servant of Makhleb


You were on level 8 of the Dungeon.
You worshipped Makhleb.
Makhleb was most pleased with you.
You visited 2 branches of the dungeon, and saw 9 of its levels.
You also visited: Ossuary.

You collected 343 gold pieces.

Inventory:

Hand Weapons
 a - a +0 war axe (weapon)
Missiles
 D - a throwing net (quivered)
 F - 51 poisoned darts
 K - 2 curare-tipped darts
Armour
 b - a +0 scale mail (worn)
 c - a +0 kite shield (worn)
 h - a +0 pair of gloves (worn)
 q - a +0 cloak (worn)
 y - a +0 pair of boots (worn)
Jewellery
 l - a +4 ring of evasion (left hand)
 n - a ring of positive energy (right hand)
 r - a ring of resist corrosion
 v - an amulet of magic regeneration
 w - a ring of protection from cold
 A - a ring of magical power
 G - an amulet of reflection (around neck)
Wands
 x - a wand of iceblast (11)
 E - a wand of flame (12)
 M - a wand of acid (7)
Scrolls
 d - a scroll of acquirement {unknown}
 e - a scroll of identify
 f - 4 scrolls of immolation {unknown}
 j - a scroll of vulnerability {unknown}
 m - 4 scrolls of teleportation
 o - 2 scrolls of magic mapping
 p - 2 scrolls of enchant weapon {unknown}
 u - 3 scrolls of fear
 C - 2 scrolls of amnesia
 J - a scroll of noise {unknown}
 L - a scroll of holy word {unknown}
Potions
 i - 2 potions of brilliance
 k - 6 potions of haste
 s - 7 potions of curing
 t - a potion of resistance
 z - a potion of attraction
 B - 2 potions of cancellation
 H - 5 potions of lignification
 I - a potion of berserk rage


   Skills:
 + Level 7.6 Fighting
 + Level 6.6 Axes
 + Level 6.9 Armour
 + Level 6.9 Shields
 + Level 7.7 Invocations


You had 9 spell levels left.
You didn't know any spells.
Your spell library contained the following spells:

 Spells                   Type           Power      Damage    Failure   Level
 Freeze                   Ice            0%         1d3       96%         1
 Magic Dart               Conj           0%         1d3       96%         1
 Blink                    Tloc           N/A        N/A       99%         2
 Call Imp                 Summ           0%         N/A       99%         2
 Slow                     Hex            0%         N/A       99%         2
 Confusing Touch          Hex            0%         N/A       100%        3
 Conjure Flame            Conj/Fire      0%         6-21      100%        3
 Frozen Ramparts          Ice            0%         1d2       100%        3
 Gell's Gravitas          Tloc           0%         N/A       100%        3
 Mephitic Cloud           Conj/Pois/Air  0%         N/A       100%        3
 Ozocubu's Armour         Ice            0%         N/A       100%        3
 Hailstorm                Conj/Ice       0%         3d3       100%        4
 Petrify                  Tmut/Erth      0%         N/A       100%        4
 Summon Ice Beast         Ice/Summ       0%         N/A       100%        4
 Metabolic Englaciation   Hex/Ice        0%         N/A       100%        5
 Yara's Violent Unravell  Hex/Tmut       0%         3d3       100%        5


Dungeon Overview and Level Annotations

Branches:
Dungeon (8/15)             Temple (1/1) D:5         Ossuary (visited)
   Lair: D:8-11

Altars:
Ashenzari
Cheibriados
Dithmenos
Elyvilon
Fedhas
Gozag
Hepliaklqana
Kikubaaqudgha
Makhleb
Nemelex Xobeh
Okawaru
Qazlal
Ru
Sif Muna
Trog
Uskayaw
Vehumet
Wu Jian
Xom
Zin
The Shining One


Innate Abilities, Weirdness & Mutations

You have a pair of small antennae on your head.
You are partially covered in yellow scales. (AC +2)
A weak demonic guardian rushes to your aid.
Your demonic aura sometimes causes spilled blood to erupt in flames


Message History

You block the steam dragon's attack. You block the orc warrior's attack.
You block the orc priest's attack. The steam dragon barely misses you. x2
You block the orc warrior's attack.
You closely miss the steam dragon.
The steam dragon is heavily wounded.
You slash the orc warrior!
The orc priest begins to cast a cantrip, but forgets the words!
You block the steam dragon's attack. The steam dragon closely misses you.
You block the orc warrior's attack. You block the orc priest's attack.
You hit the steam dragon.
The steam dragon is heavily wounded.
Your shield and scale mail prevent you from hitting the orc warrior.
The orc wizard casts a spell at itself.
The orc wizard flickers and vanishes!
Deactivating autopickup; reactivate with Ctrl-A.
The steam dragon breathes steam at you. The ball of steam hits you!!
* * * LOW HITPOINT WARNING * * *
You block the orc warrior's attack.
The orc priest calls down the wrath of Beogh upon you.
Beogh smites you!
* * * LOW HITPOINT WARNING * * *
You feel much better.
You are engulfed in a cloud of scalding steam.
* * * LOW HITPOINT WARNING * * *
You block the steam dragon's attack.
The steam dragon claws you but does no damage.
You block the orc warrior's attack.
The orc priest hits you but does no damage.
The orc priest calls upon Beogh to heal the orc.
The orc's wounds heal themselves!
The steam dragon breathes steam at you. The ball of steam hits you!
* * * LOW HITPOINT WARNING * * *
A demonic guardian appears!
The ball of steam hits your quasit!
Your quasit resists.
You are engulfed in a cloud of scalding steam.
The steam dragon breathes steam at you. The ball of steam hits you!
You die...

#.......
##.....####.
#...... ##...## ##
#.###..... ##'## #
#........ #.#
#.....o# #.#######
#o# ######.##.....
#.# #.........####
#{#o#####.##.....##
#..oD@§5§.###...##
###.####### ##.##
#.# ### #.# ..# ###


You could see a steam dragon (catching breath, ally target), an orc warrior, an
orc and a friendly quasit (summoned).

Vanquished Creatures
  Pikel (D:4)
  Grinder (D:4)
  A wyvern (D:7)
  A steam dragon (D:6)
  Menkaure (D:7)
  A hornet zombie (Ossuary)
  2 orc warriors (D:7)
  An ice beast (D:5)
  A sky beast (D:6)
  A necrophage (D:5)
  8 ogres
  4 centaurs (D:7)
  A lemure (D:4)
  A phantom (D:7)
  2 kobold brigands (D:7)
  A gnoll sergeant (D:7)
  2 wyvern zombies (Ossuary)
  5 scorpions
  A water moccasin zombie (Ossuary)
  A water moccasin skeleton (D:6)
  5 killer bees
  2 howler monkeys (D:4)
  2 centaur zombies (Ossuary)
  4 bullfrog zombies
  3 hounds
  A centaur skeleton (D:7)
  An orc priest (D:5)
  Crazy Yiuf (D:2)
  3 gnoll shamans
  16 mummies (Ossuary)
  An iguana (D:6)
  3 orc wizards
  A howler monkey zombie (Ossuary)
  14 gnolls
  A howler monkey skeleton (D:5)
  10 adders
  2 shadow imps
  A white imp (D:7)
  2 ufetubi
  2 adder skeletons (D:4)
  An adder zombie (D:5)
  3 worms
  3 dart slugs
  20 orcs
  6 bats
  7 endoplasms
  2 giant cockroaches (D:1)
  4 hobgoblins
  6 jackals (D:2)
  2 quokkas
  2 ball pythons
  4 frilled lizards (D:2)
  10 goblins
  3 kobolds
  5 rats
190 creatures vanquished.

Vanquished Creatures (collateral kills)
  A hornet zombie (Ossuary)
  2 lemures (D:4)
  A mummy (Ossuary)
4 creatures vanquished.

Vanquished Creatures (others)
  A kobold brigand (D:7)
  2 fungi (D:7)
  9 plants
  8 withered plants (Ossuary)
20 creatures vanquished.

Grand Total: 214 creatures vanquished

Notes
Turn   | Place    | Note
-------+----------+-------------------------------------------
     0 | D:1      | voltaire321 the Demonspawn Fighter began the quest for the
                  | Orb.
     0 | D:1      | Reached XP level 1. HP: 18/18 MP: 1/1
   213 | D:1      | Gained mutation: Your demonic aura sometimes causes spilled
                  | blood to erupt in flames [demonic ancestry]
   213 | D:1      | Reached XP level 2. HP: 20/24 MP: 2/2
   283 | D:1      | Found a faded altar of an unknown god.
   943 | D:2      | Reached XP level 3. HP: 19/29 MP: 3/3
  1280 | D:2      | Reached XP level 4. HP: 29/35 MP: 4/4
  2104 | D:2      | Found a runed translucent door.
  2105 | D:2      | Noticed Crazy Yiuf
  2112 | D:2      | Killed Crazy Yiuf
  2344 | D:2      | Gained mutation: You have a pair of small antennae on your
                  | head. [demonic ancestry]
  2344 | D:2      | Reached XP level 5. HP: 24/42 MP: 5/5
  3133 | D:3      | Gained mutation: You are partially covered in yellow
                  | scales. (AC +2) [demonic ancestry]
  3133 | D:3      | Reached XP level 6. HP: 38/48 MP: 6/6
  3889 | D:3      | You fall into a shaft and drop 2 floors!
  3889 | D:5      | Entered Level 5 of the Dungeon
  3939 | D:5      | Found a staircase to the Ecumenical Temple.
  3959 | Temple   | Entered the Ecumenical Temple
  3964 | Temple   | Became a worshipper of Makhleb the Destroyer
  4198 | D:5      | Reached skill level 1 in Invocations
  4198 | D:5      | Gained mutation: A weak demonic guardian rushes to your
                  | aid. [demonic ancestry]
  4198 | D:5      | Reached XP level 7. HP: 9/55 MP: 7/7
  4534 | D:5      | Reached skill level 5 in Fighting
  5844 | D:4      | Noticed Pikel
  5876 | D:4      | Killed Pikel
  5876 | D:4      | Reached * piety under Makhleb
  5877 | D:4      | Reached skill level 5 in Armour
  5877 | D:4      | Reached skill level 5 in Shields
  5877 | D:4      | Reached XP level 8. HP: 19/64 MP: 9/11
  6497 | D:4      | Noticed Grinder
  6523 | D:4      | Paralysed by Grinder for 7 turns
  6530 | D:4      | Killed Grinder
  6531 | D:4      | Reached skill level 5 in Axes
  7123 | D:6      | Reached skill level 5 in Invocations
  7136 | D:6      | Found a sand-covered staircase.
  7141 | Ossuary  | Entered an ossuary
  7203 | Ossuary  | Reached XP level 9. HP: 44/69 MP: 12/12
  7264 | Ossuary  | Reached ** piety under Makhleb
  8747 | D:6      | Found a stormy altar of Qazlal.
  9139 | D:7      | Noticed Menkaure
  9188 | D:7      | Reached *** piety under Makhleb
  9189 | D:7      | Reached XP level 10. HP: 44/79 MP: 15/15
  9358 | D:7      | Killed Menkaure
 11010 | D:8      | HP: 2/79 [orc priest/divine providence (12)]
 11017 | D:8      | Killed from afar by a steam dragon

Illustrated notes

Levels and vault maps discovered:
D:1:      dpeg_arrival_arbitrary_a, layout_loops_ring, basic_ecumenical_altar
D:2:      minmay_skewed_foursquare, layout_basic, hangedman_decor_opposing,
          uniq_crazy_yiuf_cottage
D:3:      layout_basic, serial_bayou_pond_b
D:4:      layout_basic, uniq_pikel, uniq_grinder
D:5:      layout_loops_ring, minmay_temple_entry_glass
D:6:      layout_loops_corners, nicolae_qazlal_eye_of_the_storm,
          nicolae_ossuary_entry_false_entrances
D:7:      kennysheep_seaside_town, layout_cave_pools, minmay_misc_feat_plants,
          st_stairs_3, roderic_roman_lattice, minivault_5, uniq_menkaure
D:8:      layout_loops_corners, uniq_erica
Temple:   regret_index_temple_chain_breaker

Skill      XL: |  1  2  3  4  5  6  7  8  9 |
---------------+----------------------------+-----
Axes           | 2 3 4 5 6 |  6.6
Armour         | 3 4 5 6 |  6.9
Shields        | 3 4 5 6 |  6.9
Fighting       | 4 5 6 7 |  7.6
Invocations    | 1 4 5 7 |  7.7

Action                   |  1- 3 |  4- 6 |  7- 9 | 10-12 || total
-------------------------+-------+-------+-------+-------++-------
Melee: War axe           |    86 |   179 |   500 |   100 ||   865
  Use: Potion            |       |       |     3 |     4 ||     7
       Scroll            |       |       |    13 |       ||    13
Armor: Scale mail        |    55 |    92 |   209 |    54 ||   410
Dodge: Dodged            |    25 |    82 |   235 |    82 ||   424
Block: Kite shield       |    53 |    79 |   371 |   152 ||   655
       Reflection        |       |       |     1 |     1 ||     2

Table legend: (Time is in decaauts)
 A = Elapsed time spent in this place.
 B = Non-inter-level travel time spent in this place.
 C = Inter-level travel time spent in this place.
 D = Time resting spent in this place.
 E = Time spent auto-exploring this place.
 F = Levels seen in this place.
 G = Mean time per level.
                   A        B        C        D        E       F      G
               +--------+--------+--------+--------+--------+-----+--------+
         Total |  11472 |  11105 |    367 |   2573 |   6067 |  10 | 1147.2 |
       Dungeon |  10548 |  10181 |    367 |   2373 |   5748 |   8 | 1318.5 |
        Temple |    188 |    188 |      0 |      0 |    159 |   1 |  188.0 |
       Ossuary |    735 |    735 |      0 |    200 |    160 |   1 |  735.0 |
               +--------+--------+--------+--------+--------+-----+--------+

Top non-repeatable levels by time:
     D:2: 1908 daAuts
     D:7: 1695 daAuts
     D:3: 1606 daAuts
     D:6: 1431 daAuts
     D:4: 1357 daAuts
     D:5: 1285 daAuts
     D:1: 912 daAuts
 Ossuary: 735 daAuts
     D:8: 351 daAuts
  Temple: 188 daAuts
